 Dungeon Crawl Stone Soup version 0.31.0-32-g396128a36d (webtiles) character file.

Game seed: 15617092311884566824

3264 PaiMei the Merchant of Misery (level 9, -11/71 HPs)
             Began as a Demonspawn Necromancer on Apr 18, 2024.
             Was a Believer of Kikubaaqudgha.
             Mangled by a yak (15 damage)
             ... on level 8 of the Dungeon.
             The game lasted 00:11:52 (11498 turns).

PaiMei the Merchant of Misery (DsNe)               Turns: 11498, Time: 00:11:52

Health: -11/71     AC:  5    Str:  9    XL:     9   Next: 68%
Magic:  0/18       EV: 16    Int: 19    God:    Kikubaaqudgha [**....]
Gold:   458        SH:  0    Dex: 20    Spells: 13/21 levels left

rFire   . . .        J - +1 flail (heavy)
rCold   . . .        (no shield)
rNeg    . . .        a - +0 robe
rPois   .            (helmet restricted)
rElec   .            (no cloak)
rCorr   .            (no gloves)
SInv    .            (no boots)
Will    +....        (no amulet)
Stlth   ++           d - +6 ring of dexterity
HPRegen 0.31/turn    C - ring of willpower
MPRegen 0.16/turn

%: no passive effects
@: no status effects
A: antennae 1, thin metallic scales 2
a: Renounce Religion, Unearth Wretches


You were on level 8 of the Dungeon.
You worshipped Kikubaaqudgha.
Kikubaaqudgha was pleased with you.
You visited 1 branch of the dungeon, and saw 9 of its levels.
You also visited: Sewer.

You collected 458 gold pieces.

Inventory:

Hand Weapons
 i - a +1 dagger of venom
 j - a +2 short sword of speed
 J - a +1 heavy flail (weapon)
 O - a +1 heavy war axe
Missiles
 h - 23 poisoned darts (quivered)
Armour
 a - a +0 robe (worn)
 n - a +2 chain mail of cold resistance
 P - +0 acid dragon scales
Magical Staves
 G - a staff of death
Jewellery
 d - a +6 ring of dexterity (left hand)
 o - a ring of fire
 C - a ring of willpower (right hand)
 Q - a +6 ring of strength
Wands
 k - a wand of flame (90)
 K - a wand of digging (6)
 L - a wand of acid (8)
Scrolls
 e - 7 scrolls of identify {unknown}
 f - 3 scrolls of fog {unknown}
 g - 2 scrolls of amnesia {unknown}
 l - 4 scrolls of teleportation {unknown}
 p - 3 scrolls of enchant weapon {unknown}
 q - a scroll of fear {unknown}
 r - 2 scrolls of summoning {unknown}
 t - 3 scrolls of noise {unknown}
 y - 2 scrolls of blinking {unknown}
 A - 4 scrolls of enchant armour {unknown}
 D - a scroll of torment {unknown}
 F - 3 scrolls of poison {unknown}
 M - a scroll of revelation {unknown}
 N - 2 scrolls of immolation {unknown}
Potions
 b - 2 potions of magic
 c - 3 potions of curing {unknown}
 m - a potion of heal wounds {unknown}
 s - 3 potions of brilliance {unknown}
 u - 2 potions of might {unknown}
 v - 2 potions of attraction {unknown}
 w - 3 potions of mutation {unknown}
 x - 4 potions of degeneration {unknown}
 z - 2 potions of invisibility {unknown}
 B - a potion of cancellation {unknown}
 E - 2 potions of berserk rage {unknown}
 H - a potion of resistance {unknown}
 I - a potion of haste {unknown}


   Skills:
 + Level 6.6 Fighting
 + Level 6.5 Dodging
 - Level 2.0 Stealth
 + Level 6.5 Spellcasting
 + Level 8.8 Necromancy


You had 13 spell levels left.
You knew the following spells:

 Your Spells              Type           Power      Damage    Failure   Level
a - Necrotise             Necr           100%       1d9       1%          1
b - Vampiric Draining     Necr           39%        2d8       1%          3
c - Animate Dead          Necr           39%        N/A       2%          4

Your spell library contained the following spells:

 Spells                   Type           Power      Damage    Failure   Level
 Kiss of Death            Conj/Necr      88%        2d12      1%          1
 Sublimation of Blood     Necr           39%        N/A       1%          2
 Cigotuvi's Dreadful Rot  Necr/Alch/Air  34%        N/A       4%          2
 Curse of Agony           Necr           39%        N/A       8%          5
 Freeze                   Ice            24%        1d4       11%         1
 Call Canine Familiar     Summ           6%         N/A       32%         3
 Frozen Ramparts          Ice            12%        1d2       32%         3
 Hailstorm                Conj/Ice       6%         3d5       32%         3
 Sigil of Binding         Hex            6%         N/A       32%         3
 Summon Ice Beast         Ice/Summ       6%         N/A       32%         3
 Dimensional Bullseye     Hex/Tloc       3%         N/A       71%         4
 Petrify                  Alch/Erth      6%         N/A       71%         4
 Irradiate                Conj/Alch      3%         3d12      96%         5
 Sculpt Simulacrum        Ice/Alch       3%         N/A       100%        6


Dungeon Overview and Level Annotations

Branches:
Dungeon (9/15)             Temple (0/1) D:4           Sewer (visited)
   Lair: D:8-11         Orc: D:9-12

Altars:
Kikubaaqudgha
Makhleb
Ru
Wu Jian
Yredelemnul

Shops:
D:9 =

Annotations:
D:4 1 runed translucent door, rstyx's ghost, novice DsNe
D:8 1 runed translucent door, clintblambert's ghost, novice DjFE


Innate Abilities, Weirdness & Mutations

You have a pair of small antennae on your head.
You are mostly covered in thin metallic scales. (AC +3)


Message History

The yak closely misses you.
You hit the yak but do no damage.
The yak is severely wounded.
The yak gores you. The yak gores you!
J - a +1 heavy flail (weapon)
You sock the yak!
You kill the yak!
Kikubaaqudgha accepts your kill. The yak gores you!
You sock the yak!
The yak is almost dead.
The yak gores you but does no damage. The yak misses you. The yak gores you! x2
* * * LOW HITPOINT WARNING * * *
Casting: Vampiric Draining (safe; 1% risk of failure)
Confirm with . or Enter, or press ? or * to list all spells.
Aiming: Vampiric Draining (safe; 1% risk of failure)
Press: ? - help, Shift-Dir - straight line, f - yak
Aim: a yak (almost dead)
You draw life force from the yak!
You kill the yak!
Kikubaaqudgha accepts your kill.
You feel life coursing into your body. The yak gores you.
* * * LOW HITPOINT WARNING * * *
You hit the yak but do no damage.
The yak is moderately wounded.
The yak gores you.
* * * LOW HITPOINT WARNING * * *
The yak gores you!
* * * LOW HITPOINT WARNING * * *
Casting: Vampiric Draining (safe; 1% risk of failure)
Confirm with . or Enter, or press ? or * to list all spells.
You don't have enough magic to cast this spell.
Casting: Vampiric Draining (safe; 1% risk of failure)
Confirm with . or Enter, or press ? or * to list all spells.
Aiming: Necrotise (safe; 1% risk of failure)
Press: ? - help, Shift-Dir - straight line, f - yak
Aim: a yak (moderately wounded, chance to affect: 83%)
The yak barely resists.
The yak gores you!
You die...
Kikubaaqudgha rasps: "You have failed me!
Welcome... death!"

....#[........#....#............+
....#.........#....#............#
....#.........#....#.......<....#
....######...#######............#
.........#...##....####'##.......
.........#...............#.......
.........#...............'.......
.........#...............#.......
.........######†@...######.......
.#####.......##Y######.....######
.# #.......#.......#.....'))...
.# #.......'.......#.....#.)...
.# #.......#.......#.....#.....
.# #.....>.#.......#.....#.....
.# #.......#.......#.....#.....
.# #.......#.......#.....#.....
.# #.......#########.....######


You could see a yak.

Vanquished Creatures
  Maggie (D:8)
  Prince Ribbit (D:8)
  3 yaks (D:8)
  An orc warrior (D:7)
  2 ice beasts (D:6)
  A black bear (D:7)
  4 centaurs
  2 phantoms (D:6)
  Blork the orc (D:4)
  2 kobold brigands
  5 bullfrogs
  2 scorpions
  2 orc priests
  A jelly (D:7)
  A hound (D:5)
  2 bombardier beetles
  A gnoll bouda (D:5)
  Natasha (thrice) (D:3)
  3 sleepcaps
  Terence (D:2)
  4 iguanas
  3 orc wizards
  8 gnolls
  11 adders
  A river rat (Sewer)
  2 shadow imps
  A white imp (D:7)
  5 dart slugs
  2 ribbon worms
  10 orcs
  14 ball pythons
  8 endoplasms
  2 giant cockroaches
  10 goblins
  7 hobgoblins
  17 kobolds
  4 quokkas
  5 bats
  6 frilled lizards
  13 rats
172 creatures vanquished.

Vanquished Creatures (collateral kills)
  3 ball pythons
  A hobgoblin (D:2)
  3 frilled lizards (Sewer)
  5 rats (Sewer)
12 creatures vanquished.

Grand Total: 184 creatures vanquished

Notes
Turn   | Place    | Note
-------+----------+-------------------------------------------
     0 | D:1      | PaiMei the Demonspawn Necromancer began the quest for the
                  | Orb.
     0 | D:1      | Reached XP level 1. HP: 13/13 MP: 3/3
   442 | D:1      | Gained mutation: You are partially covered in thin metallic
                  | scales. (AC +2) [demonic ancestry]
   442 | D:1      | Reached XP level 2. HP: 19/19 MP: 1/5
   862 | D:2      | Reached XP level 3. HP: 25/25 MP: 0/6
  1264 | D:2      | Reached skill level 1 in Fighting
  1377 | D:2      | Noticed Terence
  1384 | D:2      | Killed Terence
  1385 | D:2      | Gained mutation: You have a pair of small antennae on your
                  | head. [demonic ancestry]
  1385 | D:2      | Reached XP level 4. HP: 32/32 MP: 1/7
  1393 | D:2      | Reached skill level 5 in Necromancy
  1672 | D:3      | Noticed Natasha
  1688 | D:3      | Killed Natasha
  1696 | D:3      | Noticed Natasha
  1798 | D:3      | Killed Natasha
  1799 | D:3      | Reached XP level 5. HP: 16/38 MP: 1/9
  2242 | D:3      | Noticed Natasha
  2249 | D:3      | Killed Natasha
  2934 | D:3      | Learned a level 3 spell: Vampiric Draining
  3231 | D:4      | Found an ancient bone altar of Kikubaaqudgha.
  3269 | D:4      | Became a worshipper of Kikubaaqudgha
  3499 | D:4      | Gained mutation: You are mostly covered in thin metallic
                  | scales. (AC +3) [demonic ancestry]
  3499 | D:4      | Reached XP level 6. HP: 46/46 MP: 0/10
  3649 | D:4      | Found a staircase to the Ecumenical Temple.
  3669 | D:4      | Found a sacrificial altar of Ru.
  3749 | D:4      | Found a runed translucent door.
  3763 | D:4      | Noticed rstyx's ghost (novice DsNe)
  3787 | D:4      | Noticed Blork the orc
  3796 | D:4      | Killed Blork the orc
  4373 | D:4      | Reached skill level 6 in Necromancy
  4646 | D:5      | Entered Level 5 of the Dungeon
  4657 | D:5      | Reached XP level 7. HP: 42/52 MP: 0/12
  4660 | D:5      | Found a glowing drain.
  4759 | Sewer    | Entered a sewer
  4897 | Sewer    | Reached * piety under Kikubaaqudgha
  4897 | Sewer    | Received a gift from Kikubaaqudgha
  5869 | D:5      | Found a burning altar of Makhleb.
  6728 | D:6      | Reached XP level 8. HP: 50/60 MP: 1/14
  7062 | D:6      | Found an ornate altar of the Wu Jian Council.
  7090 | D:6      | Reached ** piety under Kikubaaqudgha
  7275 | D:6      | Reached skill level 7 in Necromancy
  7520 | D:6      | Reached skill level 5 in Dodging
  7520 | D:6      | Reached skill level 5 in Spellcasting
  7756 | D:7      | Reached skill level 5 in Fighting
  8019 | D:7      | Found a basalt altar of Yredelemnul.
  9425 | D:8      | Reached XP level 9. HP: 68/68 MP: 7/17
  9487 | D:8      | Noticed Prince Ribbit
  9498 | D:8      | Killed Prince Ribbit
  9499 | D:8      | Reached skill level 8 in Necromancy
  9929 | D:8      | Noticed Maggie
  9945 | D:8      | Killed Maggie
 10186 | D:8      | Found a runed translucent door.
 10190 | D:8      | Noticed clintblambert's ghost (novice DjFE)
 10515 | D:9      | Learned a level 4 spell: Animate Dead
 10998 | D:9      | Found Dedd's Jewellery Shop.
 11497 | D:8      | HP: 3/71 [yak (9)]
 11498 | D:8      | Mangled by a yak

Illustrated notes

Levels and vault maps discovered:
D:1:      lemuel_arrival_room, layout_basic, minmay_misc_feat_plants
D:2:      layout_rooms, hangedman_abyss_or_decor_stabs, minmay_nonomino_d4,
          uniq_terence
D:3:      layout_loops_corners, uniq_natasha
D:4:      layout_rooms, lemuel_coloured_pillars_altar,
          nicolae_ru_great_annihilating_truth, minmay_temple_entry_junction,
          ebering_ghost_reflecting_pool, st_stairs_1, minmay_door_square,
          uniq_blork_the_orc
D:5:      layout_basic, mainiacjoe_overflow_paths,
          mainiacjoe_sewer_entry_somewhere_in_here_1, kennysheep_generic_room_2
D:6:      layout_loops_ring, nzn_wu_jian_contemplation, dk_noncrumbling_3,
          hangedman_decor_riveting
D:7:      layout_loops_ring, yredelemnul_altar_generic
D:8:      layout_gridville, lemuel_doored_altar, ebering_ghost_reflecting_pool,
          uniq_maggie, uniq_prince_ribbit1
D:9:      layout_big_octagon, minmay_shop_enchanted_jewellery

Skill      XL: |  1  2  3  4  5  6  7  8  9 |
---------------+----------------------------+-----
Dodging        | 2 3 4 5 6 |  6.5
Stealth        | 2 |  2.0
Fighting       | 1 2 3 4 5 6 |  6.6
Necromancy     | 5 6 7 8 |  8.8
Spellcasting   | 3 4 5 6 |  6.5

Action                     |  1- 3 |  4- 6 |  7- 9 || total
---------------------------+-------+-------+-------++-------
  Melee: Unarmed           |     9 |       |       ||     9
         Short sword       |    14 |    35 |   147 ||   196
         Punch             |       |       |     4 ||     4
         Flail             |       |       |     3 ||     3
   Cast: Necrotise         |    57 |   109 |   105 ||   271
         Vampiric Draining |       |    12 |    79 ||    91
  Evoke: Wand              |       |       |     2 ||     2
   Stab: Paralysed         |       |     1 |       ||     1
         Sleeping          |       |       |     2 ||     2
 Armour: Robe              |    12 |    44 |   144 ||   200
  Dodge: Dodged            |    18 |    39 |   182 ||   239
